 Dungeon Crawl Stone Soup version 0.22-a0-512-g0943f25 (webtiles) character file.

122 inc the Ruffian (level 4, -3/33 HPs)
             Began as a Demonspawn Gladiator on June 18, 2018.
             Slain by an orc
             ... wielding a +2 vampiric trident
              (5 damage)
             ... on level 3 of the Dungeon.
             The game lasted 00:02:58 (2662 turns).

inc the Ruffian (Demonspawn Gladiator)              Turns: 2662, Time: 00:02:59

Health: -3/33      AC:  3    Str: 15    XL:     4   Next: 78%
Magic:  4/4        EV: 12    Int: 10    God:
Gold:   172        SH:  0    Dex: 14    Spells: 3/3 levels left

rFire    . . .     SeeInvis .   a - +0 war axe
rCold    . . .     Gourm    .   (no shield)
rNeg     . . .     Faith    .   b - +0 leather armour
rPois    .         Spirit   .   (helmet restricted)
rElec    .         Reflect  .   (no cloak)
rCorr    .         Harm     .   (no gloves)
MR       .....                  (no boots)
Stlth    +.........             (no amulet)
HPRegen  0.11/turn              (no ring)
MPRegen  0.09/turn              (no ring)

@: slowed, very slow
A: antennae 1, powered by death 1
a: no special abilities


You were on level 3 of the Dungeon.
You were not hungry.

You visited 1 branch of the dungeon, and saw 3 of its levels.

You collected 172 gold pieces.

Inventory:

Hand Weapons
 a - a +0 war axe (weapon)
 q - a +0 short sword of venom
Missiles
 d - 3 throwing nets (quivered)
Armour
 b - a +0 leather armour (worn)
 c - a +0 helmet
Jewellery
 j - an uncursed amulet of the acrobat {unknown}
Wands
 s - a wand of iceblast (5)
Scrolls
 e - a scroll of enchant armour {unknown}
 g - 3 scrolls of magic mapping {unknown}
 h - a scroll of fog {unknown}
 l - a scroll of enchant weapon {unknown}
 n - 3 scrolls of remove curse {unknown}
Potions
 i - 2 potions of invisibility {unknown}
 k - a potion of mutation {unknown}
 m - a potion of might {unknown}
 o - 2 potions of heal wounds {unknown}
 p - a potion of lignification {unknown}
Comestibles
 f - 4 rations


   Skills:
 - Level 2.0 Fighting
 - Level 3.2 Axes
 - Level 1.7 Throwing
 - Level 2.6 Dodging
 + Level 3.6 Unarmed Combat


You had 3 spell levels left.
You didn't know any spells.
Your spell library was empty.

Dungeon Overview and Level Annotations

Branches:
Dungeon (3/15)

Altars:
Ashenzari
Zin


Innate Abilities, Weirdness & Mutations

You have a pair of small antennae on your head.
You regenerate a little health from kills.


Message History

The orc is severely wounded.
The orc misses you. The orc closely misses you.
You hit the orc.
You kill the orc!
The orc barely misses you. The orc hits you but does no damage.
You closely miss the orc. The orc misses you. x4
You hit the orc.
The orc is severely wounded.
The orc barely misses you.
The orc hits you from afar with a vampiric trident.
The orc hits you with a dagger. The orc closely misses you.
You closely miss the orc.
The orc is severely wounded.
The orc hits you with a dagger.
* * * LOW HITPOINT WARNING * * *
The orc hits you from afar with a vampiric trident!
* * * LOW HITPOINT WARNING * * *
The orc hits you but does no damage.
The orc hits you from afar with a vampiric trident.
You die...

### ##.##
##.#.###############
#.#....)@oo..)$....#
##...##########......
##.## { .#..# #.# ..
s #.# .. #.# .# #.# #
##.# #..#


You could see 2 orcs.

Vanquished Creatures
  An orc wizard (D:3)
  2 adders (D:2)
  An ooze (D:2)
  A worm (D:2)
  A dart slug (D:2)
  3 leopard geckos
  3 orcs (D:3)
  8 bats
  A giant cockroach (D:1)
  4 goblins
  7 hobgoblins
  8 jackals
  5 kobolds
  2 quokkas (D:2)
  3 frilled lizards
  9 rats
59 creatures vanquished.

Notes
Turn   | Place    | Note
-------+----------+-------------------------------------------
     0 | D:1      | inc the Demonspawn Gladiator began the quest for the Orb.
     0 | D:1      | Reached XP level 1. HP: 16/16 MP: 1/1
   162 | D:1      | Gained mutation: You have a pair of small antennae on your head. [demonic ancestry]
   162 | D:1      | Reached XP level 2. HP: 15/22 MP: 2/2
   285 | D:1      | Found a shattered altar of Ashenzari.
   305 | D:1      | Reached skill level 1 in Unarmed Combat
   826 | D:1      | Gained mutation: You regenerate a little health from kills. [demonic ancestry]
   826 | D:1      | Reached XP level 3. HP: 27/27 MP: 3/3
  1399 | D:2      | Found a glowing silver altar of Zin.
  1794 | D:2      | Reached XP level 4. HP: 29/33 MP: 4/4
  2662 | D:3      | Slain by an orc

Vault maps used:
D:1:      scummos_arrival_checkerplants, nicolae_ashenzari_panopticon
D:2:      nicolae_overflow_hidden_temple
D:3:      first_ration

Skill      XL: |  1  2  3  4 |
---------------+-------------+-----
Axes           | 3 |  3.2
Unarmed Combat | 1 2 3 |  3.6
Fighting       | |  2.0
Throwing       | |  1.7
Dodging        | |  2.6

Action                   |  1- 3 |  4- 6 || total
-------------------------+-------+-------++-------
Melee: War axe           |   152 |    52 ||   204
       Punch             |     3 |     2 ||     5
  Use: Potion            |     1 |       ||     1
  Eat: Chunk             |     3 |       ||     3
       Ration            |       |     1 ||     1
Armor: Leather armour    |    46 |    21 ||    67
Dodge: Dodged            |   138 |    63 ||   201

Table legend:
 A = Spawn XP
 B = Non-spawn XP
 C = Spawn XP percentage of total XP
 D = Spawn monster count
 E = Non-spawn monster count
 F = Spawn count percentage of total count
 G = Total turns spent on level
                    A         B        C        D         E        F      G
               +---------+---------+-------+---------+---------+-------+---------
         Total |       0 |     175 |   0.0 |       0 |      59 |   0.0 |  2662
               +---------+---------+-------+---------+---------+-------+---------
           D:1 |       0 |      48 |   0.0 |       0 |      29 |   0.0 |   985
           D:2 |       0 |      68 |   0.0 |       0 |      20 |   0.0 |  1590
           D:3 |       0 |      59 |   0.0 |       0 |      10 |   0.0 |    87
               +---------+---------+-------+---------+---------+-------+---------
